 Dungeon Crawl Stone Soup version 0.31.0-11-ge490571c62 (webtiles) character file.

Game seed: 4910796513488364445

133 qw the Skirmisher (level 4, -4/25 HPs)
             Began as a Deep Elf Hunter on Feb 3, 2024.
             Was an Initiate of Okawaru.
             Slain by an orc warrior
             ... wielding a +0 flail
              (13 damage)
             ... on level 4 of the Dungeon.
             The game lasted 00:00:08 (2280 turns).

qw the Skirmisher (Deep Elf Hunter)                 Turns: 2280, Time: 00:00:09

Health: -4/25      AC:  5    Str: 10    XL:     4   Next: 94%
Magic:  6/6        EV: 11    Int: 14    God:    Okawaru [......]
Gold:   162        SH:  0    Dex: 18    Spells: 3/3 levels left

rFire   . . .        a - +0 shortbow
rCold   . . .        (shield currently unavailable)
rNeg    + . .        e - +0 ring mail
rPois   .            (no helmet)
rElec   .            (no cloak)
rCorr   .            (no gloves)
SInv    .            (no boots)
Will    +....        (no amulet)
Stlth   +            d - ring of willpower
HPRegen 0.24/turn    g - ring of positive energy
MPRegen 0.10/turn

%: no passive effects
@: hasted, very quick
A: no striking features
a: Renounce Religion


You were on level 4 of the Dungeon.
You worshipped Okawaru.
Okawaru was noncommittal.
You visited 1 branch of the dungeon, and saw 4 of its levels.

You collected 162 gold pieces.


   Skills:
 - Level 1.5 Fighting
 + Level 8.3 Ranged Weapons
 - Level 2.4 Dodging
 - Level 1.2 Stealth


You had 3 spell levels left.
You didn't know any spells.
Your spell library was empty.

Inventory:

Hand Weapons
 a - a +0 shortbow (weapon)
Armour
 e - a +0 ring mail (worn)
Jewellery
 d - a ring of willpower (left hand)
 g - a ring of positive energy (right hand)
Potions
 c - a potion of curing
 h - a potion of enlightenment

Dungeon Overview and Level Annotations

Branches:
Dungeon (4/15)
 Temple: D:4-7

Altars:
Okawaru
Vehumet


Message History

Waypoint 3 assigned to D:4.
A ball python and an orc warrior come into view.
The ball python hisses angrily.
An orc comes into view. It is wielding a +0 hand axe.
2271 ||| DRINKING potion of haste.
You feel yourself speed up.
The orc warrior shouts!
The orc shouts!
You hear a shout!
An adder comes into view.
You shoot an arrow.
The arrow barely misses the orc warrior.
The adder hisses angrily.
You hear a shout!
You shoot an arrow.
The arrow hits the orc warrior but does no damage.
An orc comes into view. It is wielding a +0 mace.
You shoot an arrow. The arrow hits the orc warrior!
The orc warrior is moderately wounded.
The orc warrior misses you.
You shoot an arrow.
The arrow hits the orc warrior but does no damage.
The orc warrior is moderately wounded.
You shoot an arrow.
The arrow hits the orc warrior but does no damage.
The orc warrior is moderately wounded.
The orc warrior hits you with a +0 flail!
You shoot an arrow.
The arrow barely misses the orc warrior.
You hear a shout!
The orc warrior completely misses you.
You shoot an arrow. The arrow hits the orc warrior.
The orc warrior is heavily wounded.
The orc warrior hits you with a +0 flail.
You shoot an arrow.
The arrow hits the orc warrior but does no damage.
The orc warrior is heavily wounded.
You shoot an arrow.
The arrow hits the orc warrior but does no damage.
The orc warrior is heavily wounded.
The orc warrior hits you with a +0 flail!
Ouch! That really hurt!
You die...

## .. .. .## So
S#
#############o#
#<..........@.#
###############


You could see an orc warrior, an adder, an orc and a ball python.

Vanquished Creatures
  7 adders
  2 dart slugs (D:2)
  4 ribbon worms
  4 endoplasms
  A giant cockroach (D:1)
  9 goblins
  5 hobgoblins
  7 kobolds
  3 quokkas
  4 ball pythons
  5 bats
  A frilled lizard (D:2)
  5 rats
57 creatures vanquished.

Notes
Turn   | Place    | Note
-------+----------+-------------------------------------------
     0 | D:1      | qw the Deep Elf Hunter began the quest for the Orb.
     0 | D:1      | Reached XP level 1. HP: 12/12 MP: 3/3
     0 | D:1      | 0 ||| qw: Version: 0.3-a-155-g5e7d8dd
     0 | D:1      | 0 ||| qw: Game counter: 3519
     0 | D:1      | 0 ||| qw: Melee chars always use a shield: true
     0 | D:1      | 0 ||| qw: God list: Okawaru
     0 | D:1      | 0 ||| qw: Allow faded altars: false
     0 | D:1      | 0 ||| qw: Do Orc after clearing Dungeon:15 true
     0 | D:1      | 0 ||| qw: Do second Lair branch before Depths: true
     0 | D:1      | 0 ||| qw: Lair rune preference: random
     0 | D:1      | 0 ||| qw: Goals: Normal
     0 | D:1      | 0 ||| PLANNING D:1-11
   112 | D:1      | Reached XP level 2. HP: 10/16 MP: 4/4
   157 | D:1      | Reached skill level 6 in Ranged Weapons
   601 | D:1      | 601 ||| UPGRADING to +0 ring mail.
   611 | D:1      | 611 ||| DROPPING +0 leather armour.
   612 | D:1      | 612 ||| UPGRADING to ring of willpower.
   613 | D:1      | 613 ||| UPGRADING to ring of positive energy.
   614 | D:1      | 614 ||| READING scroll labelled PENIWN LOTZ.
   615 | D:1      | 615 ||| DROPPING scroll of butterflies.
   667 | D:2      | Reached XP level 3. HP: 20/20 MP: 5/5
   811 | D:2      | Reached skill level 7 in Ranged Weapons
   961 | D:2      | Reached XP level 4. HP: 25/25 MP: 6/6
  1236 | D:2      | Found an iron altar of Okawaru.
  1237 | D:2      | 1237 ||| PLANNING OKAWARU WORSHIP
  1237 | D:2      | 1237 ||| READING 2 scrolls of identify.
  1237 | D:2      | 1237 ||| IDENTIFYING fuming orange potion
  1238 | D:2      | 1238 ||| READING scroll of identify.
  1238 | D:2      | 1238 ||| IDENTIFYING golden potion
  1239 | D:2      | 1239 ||| READING scroll labelled ZOCAZU GANGYU.
  1340 | D:2      | 1340 ||| READING scroll labelled DENAOTO SATHRU.
  1341 | D:2      | 1341 ||| READING scroll labelled SOTTAU DUCSI.
  1344 | D:2      | 1344 ||| DROPPING potion of ambrosia.
  1400 | D:2      | Became a worshipper of Warmaster Okawaru
  1401 | D:2      | 1401 ||| PLANNING D:1-11
  1591 | D:3      | Reached skill level 8 in Ranged Weapons
  2043 | D:3      | 2043 ||| READING 2 scrolls of identify.
  2043 | D:3      | 2043 ||| IDENTIFYING lumpy white potion
  2083 | D:3      | Found a radiant altar of Vehumet.
  2235 | D:3      | 2235 ||| READING scroll of identify.
  2235 | D:3      | 2235 ||| IDENTIFYING glowing purple potion
  2270 | D:4      | Noticed an orc warrior
  2271 | D:4      | 2271 ||| DRINKING potion of haste.
  2280 | D:4      | Slain by an orc warrior

Levels and vault maps discovered:
D:1:      dreamdust_arrival_beginning_and_end, layout_loops_ring
D:2:      layout_basic, basic_altar, minmay_stone_trees_medium
D:3:      layout_basic, old_standard_altar, nicolae_kite_square_tiling_tiny
D:4:      layout_basic, amcnicky_altar_gilded, uniq_duvessa, uniq_pikel,
          uniq_menkaure

Skill      XL: |  1  2  3  4 |
---------------+-------------+-----
Ranged Weapons | 6 7 8 |  8.3
Fighting       | |  1.5
Dodging        | |  2.4
Stealth        | |  1.2

Action                     |  1- 3 |  4- 6 || total
---------------------------+-------+-------++-------
   Fire: Shortbow          |    88 |    92 ||   180
    Use: Scroll            |     1 |     7 ||     8
         Potion            |       |     1 ||     1
 Armour: Leather armour    |    12 |       ||    12
         Ring mail         |     4 |    15 ||    19
  Dodge: Dodged            |     9 |     9 ||    18

Table legend:
 A = Non-vault XP
 B = Vault XP
 C = Vault XP percentage of total XP
 D = Non-vault monster count
 E = Vault monster count
 F = Vault count percentage of total count
                 A         B        C        D         E       F
            +---------+---------+-------+---------+---------+-------
      Total |     191 |       0 |   0.0 |      57 |       0 |   0.0
            +---------+---------+-------+---------+---------+-------
        D:1 |      38 |       0 |   0.0 |      22 |       0 |   0.0
        D:2 |      98 |       0 |   0.0 |      19 |       0 |   0.0
        D:3 |      55 |       0 |   0.0 |      16 |       0 |   0.0
            +---------+---------+-------+---------+---------+-------
